Unix NetHack Version 5.0.0-0 post-release - last build May  4 2026 22:22:43 (774f63e81ad911689b3a0859ea89b322d5daca8d,branch:main).

Game began 2026-05-07 02:08:47, ended 2026-05-07 03:05:02.

Brudee, neutral female human Healer

            ###################################
           ##---------------------------------##              ------
           ##|...............................|##              |...<|
           ##|  -----..-|-----+-----....----.|##          ####.....|
           ##   |%[[|E.|..   -.|...|.---|  |.|##  #########   |....|
           ##   |)%(|..|..|H |+|!N.|.|  |. |.|### # ---- ##   |....|
  ------   ##   |..;|.--------.+(@.|.|  -|--.|# ###-...|      |....|
  |.....#####|  ---|-.|+[.|....|/..|.|..|....|# ### ....      ------
  |.>..|     |.....+(.|.*L-.....--....+--..{.|###    ..|
  |....|     | -----..-----.--+|.=-[..........##     ..|
  ------       |+[f-.&?.....|D |.T|..-+--....|#       .|
               |((.|....--|-| /-----.|  -+--.|        --
               -----.---|.M.|   [) |.|   M |.| )G
                   ..+  |'.?|   =[e+.-     |.|
                 ....| t|.%=|   /? |.      |.|
              @ .....-  -----      -.      -.|
               ...[..               .       .|
              --------             ---     ---

Brudee the Embalmer          St:8 Dx:9 Co:14 In:12 Wi:17 Ch:18  Neutral S:2208
Dlvl:8  $:10 HP:0(59) Pw:19(35) AC:10 Xp:6/437 T:3647  Blind Conf Hallu

Latest messages:
 (For instructions type a '?')
 What do you want to drink? [dhjCTUX or ?*] ?
 Wow!  This makes you feel good!
 Call a brilliant blue potion: RESTORE ABILITY
 Unavailable command 'wizidentify'.
 Unavailable command 'wizidentify'.
 What do you want to ready? [$o or ?*] ?
 What do you want to ready? [$o or ?*] <space>
 Never mind.
 What do you want to zap? [aglp or ?*] <space>
 Never mind.
 What do you want to ready? [$o or ?*] <space>
 Never mind.
 What do you want to drink? [dhjCTUX or ?*] ?
 What do you want to drink? [dhjCTUX or ?*] <space>
 Never mind.
 What do you want to read? [ksANQRY or ?*] ?
 What do you want to read? [ksANQRY or ?*] <space>
 Never mind.
 What do you want to take off? [beK or ?*] ?
 You finish taking off your helm.
 What do you want to take off? [be or ?*] ?
 You finish taking off your gloves.
 You finish taking off your dragon mail.
 What do you want to read? [ksANQRY or ?*] ?
 As you read the scroll, it disappears.
 Being so trippy, you screw up...
 The temple's ceiling rumbles around you!
 The poohbah of Loki is hit by 6 stones!
 The poohbah of Moloch gets angry!
 Hermes' voice booms:  "How darest thou harm my servant!"
 The blast of waveforms hits you!
 You are blinded by the flash!
 The blast of beads hits you!
 The blast of water hits the poohbah of your Friend the Computer.
 The poohbah of Moloch kicks!
 The poohbah of destiny casts a spell at you!
 You stiffen briefly.
 You can move again.
 What do you want to drink? [dhjCTUX or ?*] ?
 Never mind.
 You try to feel what is lying here on the floor.
 You feel no objects here.
 The poohbah of Issek hits!
 You die...
 Do you want your possessions identified? [ynq] (y) y
 Do you want to see your attributes? [ynq] (y) n
 Do you want an account of creatures vanquished? [ynaq] (y) n
 Do you want to see your conduct and achievements? [ynq] (y) y
 Do you want to see the dungeon overview? [ynq] (y) q

Inventory:
 Coins    ('$')
  $ - 10 gold pieces
 Weapons  (')')
  t - the rustproof +0 Magicbane (weapon in right hand)
  o - a blessed +1 scalpel
 Armor    ('[')
  K - an uncursed +0 dwarvish iron helm
  b - an uncursed +1 pair of leather gloves
  V - an uncursed +0 cloak of invisibility
  S - an uncursed +0 Hawaiian shirt with a giant eel motif (being worn)
  e - a blessed greased rotproof +2 white dragon scale mail
 Comestibles  ('%')
  O - an uncursed carrot
  E - an uncursed food ration
  H - an uncursed tin of sauteed jackal meat
 Scrolls  ('?')
  Y - 2 uncursed scrolls of amnesia
  R - 2 uncursed scrolls of create monster
  k - a blessed scroll of destroy armor
  Q - an uncursed scroll of fire
  A - an uncursed scroll of food detection
  s - an uncursed scroll of light
 Potions  ('!')
  X - an uncursed potion of blindness
  U - an uncursed potion of confusion
  j - a blessed potion of hallucination
  C - an uncursed potion of invisibility
  T - an uncursed potion of restore ability
  h - a cursed potion of restore ability
  d - 3 potions of holy water
 Wands    ('/')
  l - a wand of lightning (0:4)
  p - a wand of polymorph (0:7)
  g - a wand of sleep (0:0)
  a - a wand of undead turning (0:7)
 Tools    ('(')
  m - a magic harp (0:6)
  f - an uncursed blindfold
  q - a blessed oil lamp
  W - an uncursed skeleton key
  c - an uncursed stethoscope

Brudee the Healer's attributes:

Background:
 You were an Embalmer, a level 6 female human Healer.
 You were neutral, on a mission for Hermes
 who was opposed by Athena (lawful) and Poseidon (chaotic).
 You were right-handed.
 You were in the Gnomish Mines, on level 8.
 You entered the dungeon 3647 turns ago.
 It was nighttime.
 You had 437 experience points, 203 more were needed to attain level 7.
 Your score was 2208 before end-of-game adjustments.

Basics:
 You had 0 out of 59 hit points.
 You had 19 out of 35 energy points (spell power).
 Your armor class was 10.
 Your wallet contained 10 solaris.
 Autopickup was off.

Final Characteristics:
 Your strength was 8 (limit:18/100).
 Your dexterity was 9 (limit:18).
 Your constitution was 14 (limit:18).
 Your intelligence was 12 (limit:18).
 Your wisdom was 17 (limit:18).
 Your charisma was 18 (limit:18).

Final Status:
 You were confused.
 You were hallucinating.
 You were temporarily blind.
 You weren't hungry.
 You were unencumbered.
 You were wielding a dagger.
 You were unskilled in dagger.

Final Attributes:
 You were piously aligned.
 You were magic-protected.
 You were poison resistant.
 You were telepathic.
 You were invisible.
 You are dead.

Miscellaneous:
 You didn't encounter any bones levels.
 Total elapsed playing time was 56 minutes and 14 seconds.

Major events:
 Turn
    1: Brudee the neutral female human Healer entered the dungeon
   64: attained the rank of Empiric (level 3)
 2536: entered the Gnomish Mines
 2937: reached Mine Town
 3252: attained the rank of Embalmer (level 6)
 3377: made her first wish - "blessed greased fixed +2 white dragon scale mail", got "a greased white dragon scale mail"
 3624: was bestowed with Magicbane by Hermes
 3647: killed by a hallucinogen-distorted priestess of Hermes

Spells:
 Name                 Level Category     Fail Retention
 healing                1   healing        0%   81%-90%
 extra healing          3   healing        0%   81%-90%
 stone to flesh         3   healing        0%   81%-90%
 light                  1   divination     0%  76%-100%

Skills:
 Fighting Skills
   bare handed combat [Unskilled]
 Weapon Skills
   dagger             [Unskilled]
   knife              [Skilled]
   short sword        [Unskilled]
   saber              [Unskilled]
   club               [Unskilled]
   mace               [Unskilled]
   quarterstaff       [Unskilled]
   polearms           [Unskilled]
   spear              [Unskilled]
   trident            [Unskilled]
   sling              [Unskilled]
   dart               [Unskilled]
   shuriken           [Unskilled]
   unicorn horn       [Unskilled]
 Spellcasting Skills
   healing spells     [Basic]

Voluntary challenges:
 Character rerolling was not enabled.
 You never genocided any monsters.
 You never polymorphed an object.
 You never changed form.
 You used 1 wish.
 You did not wish for any artifacts.
Achievements:
 You attained the rank of Empiric.
 You entered a shop.
 You entered the Gnomish Mines.
 You entered Minetown.
 You entered a temple.
 You attained the rank of Embalmer.

 The Dungeons of Doom: levels 1 to 5
    Level 1:
    Level 2:
       A fountain.
    Level 3:
       A general store, a fountain.
    Level 4:
       A food shop, a fountain.
       Stairs down to The Gnomish Mines.
    Level 5:
 The Gnomish Mines: levels 5 to 9
    Level 5:
    Level 6:
    Level 7:
    Level 8: <- You were here.
       Many shops, a temple and an altar to Hermes, a fountain.
       Final resting place for
          you, killed by a hallucinogen-distorted priestess of Hermes.
    Level 9:


Vanquished creatures:
  a gelatinous cube
  a giant spider
  a black light
  a bugbear
 an imp
  3 fog clouds
  a gnome leader
  a gnomish wizard
  3 floating eyes
  4 dwarves
  2 giant bats
  2 orc zombies
  a werejackal
 an iguana
  a hobbit
  2 hobgoblins
  a cave spider
 11 gnomes
  2 garter snakes
  a gecko
  a fox
  2 goblins
  3 sewer rats
  3 grid bugs
  a lichen
  4 kobold zombies
  2 newts
57 creatures vanquished.

No species were genocided or became extinct.

Game over:
                       ----------
                      /          \
                     /    REST    \
                    /      IN      \
                   /     PEACE      \
                  /                  \
                  |      Brudee      |
                  |      10 Au       |
                  |   killed by a    |
                  | hallucinogen-dis |
                  | torted priestess |
                  |    of Hermes     |
                  |       2026       |
                 *|     *  *  *      | *
        _________)/\\_//(\/(/\)/\//\/|_)_______

Goodbye Brudee the Healer...

You died in The Gnomish Mines on dungeon level 8 with 2208 points,
and 10 pieces of gold, after 3647 moves.
You were level 6 with a maximum of 59 hit points when you died.

